[Event "Titled Tuesday Blitz May 16 Early 2023"]
[White "Pichot, Alan"]
[Black "Jaskolka, Tomasz"]
[WhiteFideId "110973"]
[BlackFideId "1170791"]
[WhiteElo "2573"]
[BlackElo "2155"]
[Result "1-0"]
[Round "02"]
[TimeControl "180+2"]
[Date "2023.05.16"]
[WhiteClock "0:00:29"]
[BlackClock "0:00:09"]

1. e4 d5 2. exd5 Nf6 3. Nf3 Bg4 4. h3 Bxf3 5. Qxf3 Qxd5 6. Be2 Nc6 7. c3 Ne5 8. Qxd5 Nxd5 9. d4 Ng6 10. O-O e6 11. Nd2 Be7 12. g3 O-O-O 13. h4 Bf6 14. Ne4 Be7 15. Bf3 c6 16. Re1 h6 17. a4 Nf8 18. a5 a6 19. Nd2 g5 20. h5 Nf6 21. Nc4 N8d7 22. Kg2 g4 23. Be2 Nxh5 24. Bxg4 Nhf6 25. Bf3 h5 26. Bg5 Rdg8 27. Bh4 Nd5 28. Bxe7 Nxe7 29. Nd6+ Kc7 30. Nxf7 Rh7 31. Ne5 h4 32. Nxd7 Kxd7 33. Rh1 Nf5 34. Be4 Rgh8 35. Rae1 hxg3 36. Rxh7+ Rxh7 37. fxg3 Rg7 38. Bxf5 exf5 39. Kf3 Kd6 40. Re5 Rg5 41. Kf4 Rg4+ 42. Kf3 Rg5 43. Re8 Rh5 44. Re3 Rh2 45. b4 Kd5 46. Kf4 Rh5 47. Re5+ Kc4 48. Rxf5 Rh1 49. Rc5+ Kd3 50. g4 Rf1+ 51. Ke5 Rg1 52. Kf5 Rf1+ 53. Kg6 Ke4 54. g5 Rf4 55. Kg7 Kd3 56. g6 Rg4 57. Kf7 Rf4+ 58. Kg8 Rg4 59. g7 Kc2 60. Kf7 Rf4+ 61. Kg6 Rg4+ 62. Rg5 1-0


[Site "https://www.chess.com"]

[Event "Titled Tuesday Blitz May 16 Early 2023"]
[White "Nikologorskiy, Konstantin"]
[Black "Zherebukh, Yaroslav"]
[WhiteFideId "24111708"]
[BlackFideId "14116804"]
[WhiteElo "2273"]
[BlackElo "2531"]
[Result "1-0"]
[Round "02"]
[TimeControl "180+2"]
[Date "2023.05.16"]
[WhiteClock "0:00:44"]
[BlackClock "0:00:00"]

1. d4 Nf6 2. c4 c5 3. d5 e6 4. Nc3 exd5 5. cxd5 d6 6. Nf3 g6 7. g3 Bg7 8. Bg2 O-O 9. O-O Re8 10. Bf4 a6 11. a4 Ne4 12. Nxe4 Rxe4 13. Nd2 Rxf4 14. gxf4 Bxb2 15. Rb1 Bg7 16. Nc4 Qc7 17. e4 Nd7 18. a5 Rb8 19. Re1 Bc3 20. Re3 Bd4 21. Reb3 Nf6 22. e5 Nh5 23. Nxd6 Nxf4 24. Nxc8 Qxc8 25. Qf3 Bxe5 26. d6 Bxd6 27. Rxb7 Rxb7 28. Qxb7 Qg4 29. Qf3 Qg5 30. Rd1 Be5 31. Re1 Bd4 32. Re4 Nxg2 33. Qxg2 Qd2 34. Qf1 Qxa5 35. Re7 Qa2 36. Qe2 a5 37. Qxa2 1-0


[Site "https://www.chess.com"]

[Event "Titled Tuesday Blitz May 16 Early 2023"]
[White "Seinw1"]
[Black "Hafiz, Arif Abdul"]
[BlackFideId "7104227"]
[WhiteElo "2569"]
[BlackElo "2198"]
[Result "0-1"]
[Round "02"]
[TimeControl "180+2"]
[Date "2023.05.16"]
[WhiteClock "0:00:14"]
[BlackClock "0:00:14"]

1. c4 e5 2. Nc3 Nc6 3. g3 Nf6 4. Bg2 Bb4 5. e4 Bxc3 6. dxc3 O-O 7. Qe2 d6 8. Nf3 h6 9. Nd2 Be6 10. Nf1 a6 11. Ne3 Nd7 12. O-O Nc5 13. b4 Nd7 14. f4 f6 15. f5 Bf7 16. a4 a5 17. Nd5 axb4 18. cxb4 Nd4 19. Qd3 c6 20. Ne3 b5 21. cxb5 cxb5 22. Bb2 bxa4 23. Bxd4 exd4 24. Qxd4 Ne5 25. Rfd1 a3 26. Qxd6 Qxd6 27. Rxd6 Rfb8 28. Nd5 Bxd5 29. exd5 Rxb4 30. Rc6 Nxc6 31. dxc6 Kf8 32. c7 Rc8 33. Rxa3 Rb1+ 34. Kf2 Rb2+ 35. Kf3 Rxc7 36. Bf1 Rxh2 37. Ra8+ Ke7 38. Bb5 Rb2 39. Ba4 Rc3+ 40. Kg4 Rg2 41. Ra7+ Kf8 42. Ra8+ Kf7 43. Ra7+ Kg8 44. Ra8+ Kh7 45. Be8 Rgxg3+ 46. Kf4 Rcf3+ 47. Ke4 Re3+ 48. Kf4 Rxe8 49. Rxe8 Rg5 50. Re7 h5 51. Re3 Rg4+ 52. Kf3 Kh6 53. Re7 Rb4 54. Rf7 h4 55. Rf8 Kg5 56. Rg8 Rb7 57. Rh8 Kxf5 58. Rxh4 Rb3+ 59. Kg2 g5 60. Rc4 Kg6 61. Rc5 f5 62. Rc6+ Kh5 63. Rc8 Kg4 64. Rc4+ f4 65. Rc2 Rg3+ 66. Kf2 Rh3 67. Kg2 f3+ 68. Kg1 Kg3 69. Rg2+ Kf4 70. Rd2 Rh6 71. Rd4+ Kg3 72. Rd3 Rb6 73. Rd1 g4 74. Re1 f2+ 75. Kf1 fxe1=Q+ 76. Kxe1 Kf3 0-1


[Site "https://www.chess.com"]

[Event "Titled Tuesday Blitz May 16 Early 2023"]
[White "JeRoma71"]
[Black "Han, Yichen"]
[BlackFideId "1054430"]
[WhiteElo "2846"]
[BlackElo "2342"]
[Result "1-0"]
[Round "02"]
[TimeControl "180+2"]
[Date "2023.05.16"]
[WhiteClock "0:01:14"]
[BlackClock "0:00:00"]

1. Nf3 d5 2. g3 Bg4 3. Ne5 Bh5 4. d4 Nd7 5. Bg2 e6 6. O-O Ngf6 7. c4 c6 8. Nc3 Nxe5 9. dxe5 Nd7 10. cxd5 cxd5 11. Nb5 Bc5 12. Bf4 O-O 13. Rc1 a6 14. Nd6 Bxd6 15. exd6 Rc8 16. Rc7 e5 17. Qxd5 Rxc7 18. dxc7 Qxc7 19. Rc1 Qb8 20. Bg5 Nf6 21. Bxf6 gxf6 22. e3 Rc8 23. Rc4 Rxc4 24. Qxc4 b5 25. Qh4 Bg6 26. Qxf6 Qc7 27. h4 Qc1+ 28. Kh2 Qxb2 29. Bd5 Qe2 30. e4 b4 31. Kg1 Qe1+ 32. Kh2 Qe2 33. Qb6 a5 34. Qb8+ Kg7 35. Qxe5+ Kg8 36. Qf4 a4 37. g4 b3 38. axb3 axb3 39. h5 Bxh5 40. gxh5 Qxh5+ 41. Kg3 Qg6+ 42. Qg4 b2 43. Qxg6+ hxg6 44. Ba2 Kg7 45. Kf4 Kf6 46. e5+ Ke7 47. Kg5 Ke8 48. Kf6 Kf8 49. f4 Ke8 50. Bxf7+ Kf8 51. Bxg6 1-0


[Site "https://www.chess.com"]

[Event "Titled Tuesday Blitz May 16 Early 2023"]
[White "Sychev, Klementy"]
[Black "Manukyan, Sargis V."]
[WhiteFideId "4114060"]
[BlackFideId "13303465"]
[WhiteElo "2583"]
[BlackElo "2236"]
[Result "1-0"]
[Round "02"]
[TimeControl "180+2"]
[Date "2023.05.16"]
[WhiteClock "0:01:03"]
[BlackClock "0:00:02"]

1. e4 c5 2. Nf3 Nc6 3. d4 cxd4 4. Nxd4 g6 5. Nc3 Bg7 6. Be3 Nf6 7. Nxc6 bxc6 8. e5 Ng8 9. Bd4 Qa5 10. Bc4 Bxe5 11. O-O Nf6 12. Re1 Bxd4 13. Qxd4 O-O 14. Rxe7 Nh5 15. Rae1 d5 16. Nxd5 cxd5 17. Bxd5 Ba6 18. Bxa8 Ng7 19. Bd5 Nf5 20. Bxf7+ Rxf7 21. Re8+ Rf8 22. Rxf8+ Kxf8 23. Qf6+ 1-0


[Site "https://www.chess.com"]

[Event "Titled Tuesday Blitz May 16 Early 2023"]
[White "Rodshtein, Maxim"]
[Black "Bruedigam, Martin"]
[WhiteFideId "2806851"]
[BlackFideId "24608033"]
[WhiteElo "2555"]
[BlackElo "2331"]
[Result "1-0"]
[Round "02"]
[TimeControl "180+2"]
[Date "2023.05.16"]
[WhiteClock "0:00:14"]
[BlackClock "0:00:00"]

1. c4 Nf6 2. g3 e6 3. Bg2 d5 4. Nf3 Be7 5. b3 O-O 6. Bb2 b6 7. O-O Bb7 8. d4 Nbd7 9. Nc3 c6 10. Qd3 Rc8 11. Rfd1 h6 12. Rac1 Qc7 13. cxd5 exd5 14. Nh4 Qd8 15. Nf5 Re8 16. Nxe7+ Qxe7 17. Rc2 Ne4 18. e3 Nxc3 19. Rxc3 Nf6 20. Rdc1 Qd6 21. R3c2 Rc7 22. f3 Rce7 23. Re1 Bc8 24. Rd2 Qb4 25. a3 Qd6 26. Qc3 Bf5 27. Rde2 h5 28. a4 a5 29. Rc1 Bd7 30. Ra1 Re6 31. Ba3 Qb8 32. Rae1 Nh7 33. e4 dxe4 34. fxe4 Ng5 35. h4 Nh7 36. Bh3 Rg6 37. Kh2 Bxh3 38. Kxh3 Nf6 39. Qf3 Ng4 40. Kg2 Qd8 41. Rf1 Rf6 42. Qc3 Rxf1 43. Kxf1 Qc7 44. Bc1 f6 45. Bf4 Qd7 46. Kg2 Kh8 47. Qc4 Re6 48. Kf3 Qe8 49. d5 cxd5 50. exd5 Rxe2 51. Qxe2 Qg6 52. Qe4 Qf7 53. Qe6 Qb7 54. Qe8+ Kh7 55. Qxh5+ Nh6 56. Ke3 Qe7+ 57. Kd3 Qb4 58. Kc2 Qe4+ 59. Kc3 1-0


[Site "https://www.chess.com"]

[Event "Titled Tuesday Blitz May 16 Early 2023"]
[White "Janaszak, Dawid"]
[Black "Bacrot, Etienne"]
[WhiteFideId "1119206"]
[BlackFideId "605506"]
[WhiteElo "2220"]
[BlackElo "2672"]
[Result "1/2-1/2"]
[Round "02"]
[TimeControl "180+2"]
[Date "2023.05.16"]
[WhiteClock "0:00:02"]
[BlackClock "0:00:06"]

1. e4 c5 2. Nc3 Nc6 3. Bb5 Nd4 4. Nf3 Nxb5 5. Nxb5 a6 6. Nc3 b5 7. d4 cxd4 8. Qxd4 Bb7 9. Bg5 Rc8 10. O-O Qc7 11. Rad1 f6 12. Bh4 e5 13. Qd3 Ne7 14. Kh1 b4 15. Na4 Ng6 16. Nb6 Nf4 17. Qxd7+ Qxd7 18. Rxd7 Rb8 19. Rfd1 Bxe4 20. Nc4 g5 21. Bg3 Nxg2 22. Kxg2 g4 23. R1d2 Bxf3+ 24. Kf1 Rc8 25. Ne3 Bc5 26. Nf5 Bf8 27. Bh4 Rg8 28. Bxf6 Rg6 29. Bh4 Re6 30. Ng7+ Bxg7 31. Rxg7 Rec6 32. Rdd7 Rxc2 33. Rde7+ Kf8 34. Ref7+ Ke8 35. Re7+ Kf8 36. Rgf7+ Kg8 37. Rg7+ Kf8 1/2-1/2


[Site "https://www.chess.com"]

[Event "Titled Tuesday Blitz May 16 Early 2023"]
[White "Domingo Nunez, Alejandro"]
[Black "Suyarov, Mukhammadzokhid"]
[WhiteFideId "22245561"]
[BlackFideId "14210495"]
[WhiteElo "2291"]
[BlackElo "2361"]
[Result "1-0"]
[Round "02"]
[TimeControl "180+2"]
[Date "2023.05.16"]
[WhiteClock "0:00:07"]
[BlackClock "0:00:18"]

1. Nf3 d5 2. g3 Nf6 3. Bg2 Bg4 4. O-O e6 5. h3 Bh5 6. d3 Be7 7. Qe1 O-O 8. e4 c5 9. Ne5 Nc6 10. Nxc6 bxc6 11. b3 Nd7 12. Bb2 Rb8 13. Nd2 Qa5 14. g4 Bg6 15. f4 h6 16. a3 Rfe8 17. f5 Bh7 18. e5 exf5 19. gxf5 Bg5 20. Rd1 Re7 21. Nf3 Qxe1 22. Rdxe1 Rbe8 23. b4 cxb4 24. axb4 Bf4 25. Nd4 Bd2 26. Re2 Bxb4 27. Nxc6 Bc5+ 28. Kh1 Nb6 29. Nxe7+ Bxe7 30. f6 Bxf6 31. Ref2 Be7 32. Rxf7 Bg6 33. e6 Bf6 34. Bxf6 Bxf7 35. exf7+ Kxf7 36. Bd4+ Kg6 37. Bxb6 axb6 38. Bxd5 Re2 39. Be4+ Kg5 40. Rg1+ Kh4 41. Rg2 Re3 42. Kh2 Rxh3+ 43. Kg1 Re3 44. Kf2 Rh3 45. Rxg7 b5 46. Bf3 Rh2+ 47. Rg2 Rxg2+ 48. Kxg2 Kg5 49. Kg3 b4 50. d4 h5 51. d5 h4+ 52. Kh3 Kf4 53. d6 Ke3 54. d7 b3 55. cxb3 Kf4 56. d8=Q Ke3 57. Qd5 Kf2 58. Qd3 Ke1 59. Qe2# 1-0


[Site "https://www.chess.com"]

[Event "Titled Tuesday Blitz May 16 Early 2023"]
[White "Sviridov, Valery"]
[Black "Shevtchenko, Olesya"]
[WhiteFideId "4120680"]
[BlackFideId "24131890"]
[WhiteElo "2457"]
[BlackElo "2003"]
[Result "1-0"]
[Round "02"]
[TimeControl "180+2"]
[Date "2023.05.16"]
[WhiteClock "0:00:50"]
[BlackClock "0:00:00"]

1. Nf3 d5 2. g3 Bg4 3. Bg2 Nd7 4. d4 Ngf6 5. O-O e6 6. Nbd2 c6 7. Re1 Be7 8. e4 dxe4 9. Nxe4 Nxe4 10. Rxe4 Nf6 11. Re1 O-O 12. c3 Qa5 13. Qb3 Qb6 14. Ne5 Bf5 15. Nc4 Qa6 16. a4 Rfd8 17. Bf1 Bg6 18. Bg5 Nd5 19. Bd2 c5 20. Ne5 Qb6 21. Qxb6 axb6 22. dxc5 bxc5 23. a5 Nb4 24. Nxg6 hxg6 25. Red1 Nd3 26. Ra2 Ne5 27. Be2 g5 28. b4 c4 29. Be3 g4 30. Rxd8+ Rxd8 31. b5 Nf3+ 32. Kg2 Ne1+ 33. Kf1 Nf3 34. h3 f5 35. hxg4 fxg4 36. a6 bxa6 37. bxa6 Kf7 38. a7 Rh8 39. Bxf3 gxf3 40. Kg1 Ra8 41. Rb2 Bd6 42. Rb6 Ke7 43. Rb7+ Kf6 44. Kf1 g6 45. Ke1 Kf5 46. Kd2 Ke4 47. Kc2 Kd5 48. Rb5+ Kc6 49. Rg5 e5 50. Rxg6 Kd5 51. Rg5 Be7 52. Rf5 Bd6 53. Rxf3 Bc5 54. Bxc5 Kxc5 55. Rf5 Rxa7 56. Rxe5+ Kd6 57. Re2 Ra2+ 58. Kd1 Ra3 59. Rc2 Kd5 60. Ke2 Ra8 61. Kf3 Rf8+ 62. Kg2 Ke4 63. Rd2 Rc8 64. Rd4+ Ke5 65. f4+ Kf5 66. Kf3 Ke6 67. g4 Rc5 68. Ke4 Kf6 69. g5+ Ke6 70. f5+ Ke7 71. Kf4 Rc7 72. g6 Kf6 73. Rd6+ Kg7 74. Kg5 Rc5 75. Rd7+ Kf8 76. Ra7 Rb5 77. Kh6 Rb8 78. Rh7 1-0


[Site "https://www.chess.com"]

[Event "Titled Tuesday Blitz May 16 Early 2023"]
[White "Lobanov, Sergei"]
[Black "Tasev, Dejan"]
[WhiteFideId "24183750"]
[BlackFideId "936618"]
[WhiteElo "2501"]
[BlackElo "2244"]
[Result "1-0"]
[Round "02"]
[TimeControl "180+2"]
[Date "2023.05.16"]
[WhiteClock "0:00:15"]
[BlackClock "0:00:08"]

1. d4 Nf6 2. c4 c5 3. d5 e6 4. Nc3 exd5 5. cxd5 d6 6. e4 g6 7. Nf3 Bg7 8. Nd2 O-O 9. Be2 a5 10. O-O Nfd7 11. Nb5 Nf6 12. Qc2 Na6 13. Nc4 Ne8 14. Bf4 Nb4 15. Qd2 f5 16. Ncxd6 fxe4 17. Nxe4 Bf5 18. Nxc5 Qb6 19. Na4 Qf6 20. Bg5 Qe5 21. Nac3 Nf6 22. Rad1 Ne4 23. Nxe4 Bxe4 24. d6 Bc6 25. d7 Bf6 26. Bxf6 Qxf6 27. a3 Na6 28. Bc4+ Kg7 29. Qxa5 Nc5 30. Qc3 Qxc3 31. Nxc3 Nxd7 32. Rfe1 Nb6 33. Bb3 Rae8 34. f3 Rxe1+ 35. Rxe1 Rd8 36. Rd1 Re8 37. Kf2 Nd7 38. Re1 Rd8 39. Re7+ Kh6 40. h4 Nc5 41. g4 g5 42. hxg5+ Kxg5 43. Re5+ Kg6 44. Rxc5 Rd2+ 45. Kg3 Rxb2 46. Bc4 h6 47. Bd5 Bd7 48. Be4+ Kf6 49. Nd5+ Kf7 50. Rc7 Ke8 51. Nf6+ Ke7 52. Nxd7 Ke6 53. Nc5+ Ke5 54. Rxb7 Ra2 55. Nd3+ Kd4 56. a4 Ke3 57. Re7 Ra1 58. Bf5+ Kd4 59. Re4+ Kc3 60. Nc5 Rg1+ 61. Kf4 Ra1 62. Be6 Rd1 63. Rc4+ Kb2 64. a5 Rd8 65. a6 Rf8+ 66. Bf5 Ka3 67. a7 Ra8 68. Ra4+ Kb2 69. Be4 Rf8+ 70. Kg3 Kc3 71. a8=Q Rxa8 72. Rxa8 1-0


[Site "https://www.chess.com"]

[Event "Titled Tuesday Blitz May 16 Early 2023"]
[White "Altman, Joshua"]
[Black "Sethuraman, S.P."]
[WhiteFideId "426210"]
[BlackFideId "5021596"]
[WhiteElo "2028"]
[BlackElo "2543"]
[Result "0-1"]
[Round "02"]
[TimeControl "180+2"]
[Date "2023.05.16"]
[WhiteClock "0:00:00"]
[BlackClock "0:00:41"]

1. d4 d6 2. Nf3 g6 3. c4 Bg7 4. Nc3 Nf6 5. Bg5 O-O 6. e3 h6 7. Bh4 Nbd7 8. Be2 e5 9. O-O g5 10. dxe5 Nxe5 11. Bg3 Qe7 12. Nd4 Ng6 13. Qc2 c6 14. Rad1 Rd8 15. h3 Be6 16. b3 d5 17. Bd3 Nf8 18. Bf5 dxc4 19. Bxe6 Nxe6 20. Nf5 Qb4 21. Nxg7 Nxg7 22. Be5 cxb3 23. axb3 Nfe8 24. f4 Qe7 25. Ne2 Rxd1 26. Rxd1 Rd8 27. Rxd8 Qxd8 28. f5 Nh5 29. Nd4 Nhf6 30. Qc3 Qe7 31. Nf3 Nd5 32. Qd4 f6 0-1


[Site "https://www.chess.com"]

[Event "Titled Tuesday Blitz May 16 Early 2023"]
[White "Boyer, Mahel"]
[Black "koncheto"]
[WhiteFideId "45102422"]
[WhiteElo "2439"]
[BlackElo "2553"]
[Result "1-0"]
[Round "02"]
[TimeControl "180+2"]
[Date "2023.05.16"]
[WhiteClock "0:00:05"]
[BlackClock "0:00:00"]

1. Nf3 Nf6 2. g3 d5 3. Bg2 Bf5 4. O-O c6 5. d3 h6 6. Nc3 Nbd7 7. Qe1 e5 8. e4 dxe4 9. dxe4 Be6 10. Nh4 Be7 11. Nf5 O-O 12. Nxe7+ Qxe7 13. f3 Rfd8 14. a4 Qb4 15. b3 h5 16. h4 Nf8 17. Nd5 Nxd5 18. exd5 Qd4+ 19. Be3 Qxd5 20. f4 e4 21. Qb4 Bf5 22. Qxb7 Nh7 23. Rad1 Qe6 24. Rxd8+ Rxd8 25. Qxa7 Nf6 26. Qc5 Rd5 27. Qc3 Qd7 28. a5 Ng4 29. a6 Nxe3 30. Qxe3 Ra5 31. Qb6 Rb5 32. Qe3 Ra5 33. Qb6 Rb5 34. Qf2 Ra5 35. Qe2 Qd4+ 36. Qf2 e3 37. Qe2 Qd2 38. Qxd2 exd2 39. Rd1 Rxa6 40. Rxd2 Ra2 41. Bxc6 Bxc2 42. b4 Ra1+ 43. Kf2 Bf5 44. Bf3 Rb1 45. Bxh5 Rxb4 46. Rd8+ Kh7 47. Bxf7 Rb2+ 48. Ke3 Rb3+ 49. Kf2 Rb2+ 50. Ke3 Rb7 51. Bg8+ Kh6 52. Bc4 Re7+ 53. Kf3 Be4+ 54. Kg4 Bg6 55. Rd6 Kh7 56. Bd3 Bxd3 57. Rxd3 Ra7 58. Kg5 Ra5+ 59. f5 Ra7 60. Rd6 Re7 61. Re6 Rf7 62. h5 Rd7 63. g4 Rf7 64. h6 Rd7 65. hxg7 Rxg7+ 66. Rg6 Rd7 67. Rh6+ Kg7 68. Rb6 Kh7 69. Kh5 Kg7 70. g5 Rd1 71. Rb7+ Kg8 72. Kg6 Rd6+ 73. f6 Rd8 74. Rh7 Re8 75. f7+ 1-0


[Site "https://www.chess.com"]

[Event "Titled Tuesday Blitz May 16 Early 2023"]
[White "Richter, Paul"]
[Black "Averjanov, Alexey"]
[WhiteFideId "2046350"]
[BlackFideId "14109867"]
[WhiteElo "2552"]
[BlackElo "2803"]
[Result "1/2-1/2"]
[Round "02"]
[TimeControl "180+2"]
[Date "2023.05.16"]
[WhiteClock "0:01:50"]
[BlackClock "0:02:00"]

1. e4 c6 2. Nc3 d5 3. Nf3 Bg4 4. h3 Bxf3 5. Qxf3 e6 6. g3 dxe4 7. Nxe4 Nd7 8. Bg2 Ngf6 9. d3 Be7 10. O-O O-O 11. h4 Nxe4 12. dxe4 Qc7 13. Rd1 Rad8 14. Qe2 a5 15. c3 Bc5 16. Bf4 Qb6 17. Bd6 Bxd6 18. Rxd6 Ne5 19. Rad1 Qc7 20. R6d4 c5 21. Rxd8 Rxd8 22. f4 Nc6 23. e5 Rxd1+ 24. Qxd1 Qd8 25. Qxd8+ Nxd8 26. Kf2 Kf8 1/2-1/2


[Site "https://www.chess.com"]

[Event "Titled Tuesday Blitz May 16 Early 2023"]
[White "Pultinevicius, Paulius"]
[Black "Mathieu, Phileas"]
[WhiteFideId "12809390"]
[BlackFideId "36048410"]
[WhiteElo "2540"]
[BlackElo "2241"]
[Result "1-0"]
[Round "02"]
[TimeControl "180+2"]
[Date "2023.05.16"]
[WhiteClock "0:01:18"]
[BlackClock "0:00:45"]

1. Nf3 Nf6 2. g3 e6 3. Bg2 d5 4. O-O Be7 5. d3 b5 6. e4 Bb7 7. e5 Nfd7 8. Nc3 b4 9. Ne2 c5 10. c3 Nc6 11. d4 Qb6 12. Be3 O-O 13. Nf4 Ba6 14. Re1 Rfc8 15. Bh3 Nf8 16. Nh5 Rab8 17. Bh6 gxh6 18. Qd2 f5 19. exf6 Bd8 20. Qxh6 Rb7 21. Rxe6 Bd3 22. Re8 1-0


[Site "https://www.chess.com"]

[Event "Titled Tuesday Blitz May 16 Early 2023"]
[White "Fiorito, Joaquin"]
[Black "Kravtsiv, Martyn"]
[WhiteFideId "180173"]
[BlackFideId "14113147"]
[WhiteElo "2157"]
[BlackElo "2695"]
[Result "0-1"]
[Round "02"]
[TimeControl "180+2"]
[Date "2023.05.16"]
[WhiteClock "0:00:18"]
[BlackClock "0:00:49"]

1. d4 d5 2. c4 e6 3. Nc3 Bb4 4. Qa4+ Nc6 5. Nf3 Nf6 6. e3 O-O 7. Bd2 Bd7 8. Qc2 dxc4 9. Bxc4 Bd6 10. a3 e5 11. dxe5 Nxe5 12. Nxe5 Bxe5 13. O-O-O Qe7 14. Kb1 Bc6 15. f4 Bxc3 16. Bxc3 Rad8 17. Bd4 Be4 18. Bd3 Bxd3 19. Rxd3 Ne4 20. Rhd1 b6 21. Be5 Nc5 22. Rxd8 Rxd8 23. Rxd8+ Qxd8 24. b4 Ne6 25. f5 Qd5 26. Bg3 Ng5 27. Bxc7 h5 28. Bb8 Ne4 29. f6 gxf6 30. Bxa7 Nd2+ 31. Kb2 Nc4+ 32. Kc3 Nxa3 33. Qb3 Nb5+ 34. Kb2 Qd2+ 35. Qc2 Qxc2+ 36. Kxc2 Nxa7 0-1


[Site "https://www.chess.com"]

[Event "Titled Tuesday Blitz May 16 Early 2023"]
[White "Zemlyanskii, Ivan"]
[Black "Kleiman, Jake"]
[WhiteFideId "24249971"]
[BlackFideId "2020041"]
[WhiteElo "2421"]
[BlackElo "2549"]
[Result "1-0"]
[Round "02"]
[TimeControl "180+2"]
[Date "2023.05.16"]
[WhiteClock "0:00:12"]
[BlackClock "0:00:12"]

1. d4 Nf6 2. c4 e6 3. Bf4 Bb4+ 4. Nd2 O-O 5. a3 Be7 6. e4 d5 7. cxd5 exd5 8. e5 Nfd7 9. Ngf3 c5 10. Bd3 Nc6 11. O-O a5 12. Rc1 cxd4 13. Nb3 a4 14. Nbxd4 Nc5 15. Bb1 Bg4 16. h3 Bh5 17. Nf5 Ne6 18. Bh2 Bc5 19. g4 Bg6 20. Bg3 Qb6 21. Qd2 Na5 22. Qxd5 Rfd8 23. Nd6 Nb3 24. Rcd1 Nbd4 25. Bxg6 hxg6 26. Nxd4 Bxd4 27. Qf3 Rd7 28. h4 Qc5 29. Nxb7 Qb6 30. Nc5 Rdd8 31. Nxe6 Qxe6 32. Rxd4 Rab8 33. Rd6 Qb3 34. Qxb3 axb3 35. Rfd1 1-0


[Site "https://www.chess.com"]

[Event "Titled Tuesday Blitz May 16 Early 2023"]
[White "Loiacono, Antonio"]
[Black "Fernandez Guillen, Ernesto J."]
[WhiteFideId "895415"]
[BlackFideId "3512428"]
[WhiteElo "2257"]
[BlackElo "2429"]
[Result "0-1"]
[Round "02"]
[TimeControl "180+2"]
[Date "2023.05.16"]
[WhiteClock "0:00:04"]
[BlackClock "0:00:15"]

1. e4 e5 2. Nf3 Nc6 3. Nc3 g6 4. d4 exd4 5. Nxd4 Bg7 6. Be3 Nge7 7. h4 O-O 8. h5 d5 9. Nxc6 bxc6 10. Bd4 Bxd4 11. Qxd4 dxe4 12. Qxd8 Rxd8 13. Nxe4 Bf5 14. Bd3 Nd5 15. hxg6 hxg6 16. O-O-O Kg7 17. Ng5 Bxd3 18. Rxd3 Rh8 19. Rdh3 Rxh3 20. Rxh3 Re8 21. Rf3 f6 22. Nh3 g5 23. Ra3 Kg6 24. Kd2 Rd8 25. Rd3 Rb8 26. b3 g4 27. Ng1 Nf4 28. Rd4 Kf5 29. Ne2 Ne6 30. Ng3+ Kg5 31. Rc4 Rd8+ 32. Kc3 f5 33. Rxc6 Kf6 34. Ne2 Ke5 35. f4+ Nxf4 36. Rc5+ Nd5+ 37. Kc4 f4 38. Nxf4 Kxf4 39. Rxd5 Rxd5 40. Kxd5 Kg3 41. c4 Kxg2 42. Kc6 Kf2 43. Kxc7 g3 44. Kb7 g2 45. c5 g1=Q 46. c6 Qg2 47. b4 Qd5 48. a4 Qd4 49. c7 Qb6+ 50. Kc8 Qxb4 51. Kd8 Qa5 52. Kd7 Qxa4+ 53. Kc8 a5 54. Kb7 Qb5+ 55. Ka7 Qc5+ 56. Kb8 a4 57. c8=Q Qxc8+ 58. Kxc8 a3 0-1


[Site "https://www.chess.com"]

[Event "Titled Tuesday Blitz May 16 Early 2023"]
[White "Danielyan, Vahe"]
[Black "Kilic, Eray"]
[WhiteFideId "13304828"]
[BlackFideId "44517173"]
[WhiteElo "2423"]
[BlackElo "2328"]
[Result "0-1"]
[Round "02"]
[TimeControl "180+2"]
[Date "2023.05.16"]
[WhiteClock "0:00:00"]
[BlackClock "0:00:08"]

1. e4 c5 2. Nc3 Nc6 3. Bb5 Nd4 4. Bc4 e6 5. Nge2 a6 6. d3 b5 7. Bb3 Nxb3 8. axb3 Bb7 9. O-O d6 10. Ng3 Nf6 11. f4 Be7 12. f5 e5 13. Nh5 Nxh5 14. Qxh5 b4 15. Nd1 d5 16. Nf2 O-O 17. Be3 f6 18. Qf3 dxe4 19. dxe4 Qc7 20. g4 c4 21. h4 Rac8 22. g5 Bc5 23. Rad1 Bxe3 24. Qxe3 Qc5 25. Qxc5 Rxc5 26. Rd7 Bc8 27. Re7 cxb3 28. cxb3 Rc2 29. Ng4 Kh8 30. Rd1 Rg8 31. Rd6 Re2 32. Nf2 Rxb2 33. g6 h5 34. Rxf6 Rxb3 35. Rd6 a5 36. Nd3 Rb1+ 37. Kf2 Rf8 38. Nxe5 b3 39. f6 Rxf6+ 40. Ke2 Rf8 41. Rf7 Re8 42. Re7 Rf8 43. Nf7+ Kg8 44. Rb6 b2 45. Rc7 Bg4+ 46. Kd2 Rd1+ 47. Ke3 b1=Q 48. Rxb1 Rxb1 49. Ng5 Rb3+ 50. Kd4 Rd8+ 51. Ke5 Rb5+ 52. Kf4 Rf8+ 53. Nf7 Be6 0-1


[Site "https://www.chess.com"]

[Event "Titled Tuesday Blitz May 16 Early 2023"]
[White "Rozman, Levy"]
[Black "egorchess95"]
[WhiteFideId "2039877"]
[WhiteElo "2376"]
[BlackElo "2546"]
[Result "0-1"]
[Round "02"]
[TimeControl "180+2"]
[Date "2023.05.16"]
[WhiteClock "0:00:00"]
[BlackClock "0:00:08"]

1. d4 d5 2. Bg5 f6 3. Bh4 Nh6 4. f3 g5 5. Bf2 e5 6. c4 c6 7. Nc3 exd4 8. Qxd4 Nf5 9. Qd3 dxc4 10. Qxc4 Bg7 11. e4 Nd6 12. Qb3 Qe7 13. O-O-O Be6 14. Qa3 Nf7 15. Bc5 Qc7 16. Nge2 Nd7 17. Nd4 Nxc5 18. Qxc5 Bd7 19. Bc4 Ne5 20. Ne6 Bxe6 21. Bxe6 Qe7 22. Rd6 Nd3+ 23. Rxd3 Qxc5 24. Rhd1 Qe7 25. Bb3 a5 26. a4 b5 27. Ne2 bxa4 28. Bc4 Qc5 29. Rc3 Qe5 30. Nd4 Rd8 31. Nxc6 Rxd1+ 32. Kxd1 Qd6+ 33. Bd5 f5 34. Rc4 Bxb2 35. Rxa4 fxe4 36. fxe4 Kd7 37. Rxa5 Rc8 38. Na7 Rc5 39. Nb5 Rxd5+ 40. exd5 Qxd5+ 41. Kc2 Be5 42. Ra7+ Kc6 43. Na3 Qc5+ 44. Kd3 Qxa7 45. Nc4 Qc5 46. Ne3 Qd4+ 47. Ke2 Bf4 48. Nf5 Qe4+ 0-1


[Site "https://www.chess.com"]

[Event "Titled Tuesday Blitz May 16 Early 2023"]
[White "Romkachess"]
[Black "Bondau"]
[WhiteElo "2545"]
[BlackElo "2784"]
[Result "1/2-1/2"]
[Round "02"]
[TimeControl "180+2"]
[Date "2023.05.16"]
[WhiteClock "0:00:14"]
[BlackClock "0:00:02"]

1. e4 c5 2. Nf3 d6 3. d4 cxd4 4. Nxd4 Nf6 5. Nc3 g6 6. Be2 Bg7 7. Be3 O-O 8. O-O Nc6 9. h3 a6 10. a4 Bd7 11. Qd2 Rc8 12. f4 Nxd4 13. Bxd4 Bc6 14. Bf3 e5 15. Be3 exf4 16. Bxf4 Qb6+ 17. Be3 Qb4 18. Qd4 Qxd4 19. Bxd4 Rfe8 20. Rfe1 Nd7 21. Bxg7 Kxg7 22. Bg4 Rcd8 23. Bxd7 Rxd7 24. Rad1 Re5 25. Kf2 b5 26. axb5 axb5 27. Rd4 Kf6 28. Red1 Ke7 29. Nd5+ Bxd5 30. Rxd5 Rc7 31. c3 Rxd5 32. Rxd5 b4 33. cxb4 Rc2+ 34. Kf3 Rxb2 35. e5 Rb3+ 36. Kf2 Rb2+ 37. Kf3 dxe5 38. Rxe5+ Kd6 39. Rb5 Kc6 40. Rb8 Rb3+ 41. Kf2 f5 42. Rh8 Rb2+ 43. Kg3 Rxb4 44. Rxh7 Kd5 45. Rh6 Rb6 46. h4 Ke5 47. Rh8 Rb3+ 48. Kf2 f4 49. Rf8 Ke4 50. Kg1 Rb1+ 51. Kh2 Rb6 52. Kh3 Rb3+ 53. Kh2 Ke5 54. Kg1 Rb2 55. Kh2 Rb3 56. Kg1 Rb1+ 57. Kh2 Rb4 58. Rg8 Kf5 59. Kh3 Rb3+ 60. Kh2 Rg3 61. h5 gxh5 62. Rxg3 fxg3+ 63. Kxg3 Kg5 64. Kh3 1/2-1/2


[Site "https://www.chess.com"]

[Event "Titled Tuesday Blitz May 16 Early 2023"]
[White "Weetik, Vjacheslav"]
[Black "Moksh Amit Doshi"]
[WhiteFideId "4153472"]
[BlackFideId "25064967"]
[WhiteElo "2469"]
[BlackElo "2297"]
[Result "0-1"]
[Round "02"]
[TimeControl "180+2"]
[Date "2023.05.16"]
[WhiteClock "0:00:02"]
[BlackClock "0:00:18"]

1. d4 Nf6 2. c4 e6 3. g3 d5 4. Nf3 Bb4+ 5. Bd2 a5 6. Bg2 O-O 7. Qc2 c5 8. dxc5 d4 9. O-O Bxc5 10. Na3 Nc6 11. Bf4 Nh5 12. Bd2 e5 13. Ng5 Nf6 14. Nb5 h6 15. Ne4 Bf5 16. Nxf6+ Qxf6 17. Be4 Bh3 18. Bg2 Bf5 19. Be4 Bg4 20. Qd3 Rad8 21. a3 Qe7 22. f4 f5 23. Bd5+ Kh8 24. Qb3 Bxe2 25. Rfe1 d3+ 26. Kg2 e4 27. Rxe2 dxe2 28. Re1 Nd4 29. Nxd4 Bxd4 30. Rxe2 b6 31. Qb5 Qc5 32. Qxc5 Bxc5 33. b4 axb4 34. axb4 Bd4 35. Be1 Rd7 36. Rc2 Ra7 37. Bf2 Bxf2 38. Kxf2 g6 39. Ke3 Ra3+ 40. Kd4 Rd3+ 41. Ke5 e3 42. Re2 Re8+ 43. Be6 Kg7 44. g4 fxg4 45. c5 bxc5 46. bxc5 Rc3 47. Kd6 Kf6 48. Bd5 Rd3 49. Kd7 Re7+ 50. Kc6 Rd2 51. Re1 e2 52. Bc4 Rc2 53. Bb5 Kf5 54. Kd6 Re3 55. Bd7+ Kxf4 56. c6 Rd2+ 57. Kc5 Rd1 58. Rxe2 Rxe2 0-1


[Site "https://www.chess.com"]